 Dungeon Crawl Stone Soup version 0.27-a0-124-g19cb506db8 (webtiles) character file.

Game seed: 12275757461698678283

75 sahdkjhfkaj the Sneak (level 4, 0/30 HPs)
             Began as a Vampire Enchanter on Jan 25, 2021.
             Slain by a white imp (2 damage)
             ... summoned by Natasha
             ... on level 2 of the Dungeon.
             The game lasted 00:01:47 (919 turns).

sahdkjhfkaj the Sneak (Vampire Enchanter)            Turns: 919, Time: 00:01:48

Health: 0/30       AC:  2    Str:  7    XL:     4   Next: 11%
Magic:  2/7        EV: 13    Int: 17    God:
Gold:   22         SH:  0    Dex: 15    Spells: 4/7 levels left

rFire    . . .     SeeInvis +   a - +1 dagger
rCold    . . .     Faith    .   (no shield)
rNeg     . . .     Spirit   .   b - +0 robe
rPois    .         Reflect  .   (no helmet)
rElec    .         Harm     .   (no cloak)
rCorr    .         Rampage  .   (no gloves)
Will     .....                  (no boots)
Stlth    ++++......             (no amulet)
HPRegen  0.30/turn              (no ring)
MPRegen  0.10/turn              (no ring)

@: regenerating quickly
A: fangs 3, see invisible, unbreathing
a: Exsanguinate


You were on level 2 of the Dungeon.
You visited 1 branch of the dungeon, and saw 2 of its levels.

You collected 22 gold pieces.

Inventory:

Hand Weapons
 a - a +1 dagger (weapon)
Armour
 b - a +0 robe (worn)
Scrolls
 c - a scroll of teleportation {unknown}
 e - a scroll of enchant armour {unknown}
 f - a scroll of fog {unknown}
Potions
 d - a potion of attraction {unknown}
 g - 2 potions of curing {unknown}


   Skills:
 - Level 1.1 Short Blades
 - Level 2.1 Dodging
 + Level 7.7 Stealth
 - Level 2.0 Spellcasting
 - Level 4.4 Hexes


You had 4 spell levels left.
You knew the following spells:

 Your Spells              Type           Power        Failure   Level
a - Corona                Hex            17%          3%          1
b - Ensorcelled Hibernat  Hex/Ice        18%          12%         2

Your spell library contained the following spells:

 Spells                   Type           Power        Failure   Level
 Confusing Touch          Hex            16%          10%         3
 Tukima's Dance           Hex            16%          10%         3
 Dazzling Flash           Conj/Hex       18%          24%         3


Dungeon Overview and Level Annotations

Branches:
Dungeon (2/15)

Altars:

Annotations:
D:2 Natasha


Innate Abilities, Weirdness & Mutations

Your natural rate of healing is unusually fast.
You have razor-sharp teeth.
You have supernaturally acute eyesight. (SInv)
You can survive without breathing.


Message History

You hit the worm. Your bite misses the worm.
The worm is severely wounded.
You hit the worm.
The worm is almost dead.
The worm bites you.
* * * LOW HITPOINT WARNING * * *
Natasha, Servant of Life and Death comes into view.
Natasha closely misses you.
Natasha casts a spell.
There are monsters nearby!
Natasha stares at you and mumbles some strange words.
The magic dart hits you!
* * * LOW HITPOINT WARNING * * *
There is a stone staircase leading up here.
Natasha claws you.
* * * LOW HITPOINT WARNING * * *
The white imp hits you.
* * * LOW HITPOINT WARNING * * *
The white imp freezes you.
You die...

######## #......#
####.[....#
#######.........#
#......h5.......+
...#####@#.......#
######.......#
#......#######
#.##.########
#.##........#
#.###.#####.#
##..###.w...#
#(..........#
##...#####$##


You could see Natasha and a white imp (summoned).

Vanquished Creatures
  Jessica (D:2)
  Natasha (D:2)
  A dart slug (D:1)
  6 bats
  2 goblins (D:1)
  5 hobgoblins (D:1)
  3 kobolds (D:1)
  3 rats (D:1)
22 creatures vanquished.

Notes
Turn   | Place    | Note
-------+----------+-------------------------------------------
     0 | D:1      | sahdkjhfkaj the Vampire Enchanter began the quest for the
                  | Orb.
     0 | D:1      | Reached XP level 1. HP: 13/13 MP: 3/3
   125 | D:1      | Reached skill level 5 in Stealth
   151 | D:1      | Reached XP level 2. HP: 4/19 MP: 3/5
   325 | D:1      | Learned a level 2 spell: Ensorcelled Hibernation
   416 | D:1      | Reached skill level 6 in Stealth
   867 | D:2      | Noticed Jessica
   871 | D:2      | Killed Jessica
   872 | D:2      | Reached skill level 7 in Stealth
   872 | D:2      | Reached XP level 3. HP: 24/24 MP: 6/6
   878 | D:2      | Noticed Natasha
   882 | D:2      | Killed Natasha
   883 | D:2      | Reached XP level 4. HP: 30/30 MP: 7/7
   915 | D:2      | Noticed Natasha
   919 | D:2      | Slain by a white imp

Illustrated notes

Levels and vault maps discovered:
D:1:      dpeg_arrival_round_c, layout_rooms
D:2:      minmay_evil_eye, layout_basic, uniq_jessica, uniq_sigmund,
          uniq_natasha

Skill      XL: |  1  2 |
---------------+-------+-----
Stealth        | 5 7 |  7.7
Short Blades   | |  1.1
Dodging        | |  2.1
Spellcasting   | |  2.0
Hexes          | |  4.4

Action                   |  1- 3 |  4- 6 || total
-------------------------+-------+-------++-------
Melee: Dagger            |    88 |    15 ||   103
       Bite              |     4 |     2 ||     6
 Cast: Corona            |     2 |       ||     2
       Ensorcelled Hiber |     4 |     2 ||     6
 Stab: Sleeping          |     5 |       ||     5
Armor: Robe              |    30 |     1 ||    31
Dodge: Dodged            |    78 |     8 ||    86

Table legend: (Time is in decaauts)
 A = Elapsed time spent in this place.
 B = Non-inter-level travel time spent in this place.
 C = Inter-level travel time spent in this place.
 D = Time resting spent in this place.
 E = Time spent auto-exploring this place.
 F = Levels seen in this place.
 G = Mean time per level.
                   A        B        C        D        E       F      G
               +--------+--------+--------+--------+--------+-----+--------+
         Total |    913 |    896 |     17 |     51 |    487 |   2 |  456.5 |
       Dungeon |    913 |    896 |     17 |     51 |    487 |   2 |  456.5 |
               +--------+--------+--------+--------+--------+-----+--------+

Top non-repeatable levels by time:
     D:1: 862 daAuts
     D:2: 51 daAuts
